 Dungeon Crawl Stone Soup version 0.14-a0-426-gb52781e (webtiles) character file.

461 Leibowitz the Ducker (level 6, -1/35 HPs)
             Began as a Kobold Fighter on Oct 29, 2013.
             Slain by a hound (3 damage)
             ... on Level 4 of the Dungeon.
             The game lasted 00:14:11 (5478 turns).

Leibowitz the Ducker (Kobold Fighter)               Turns: 5478, Time: 00:14:12

HP  -1/35        AC  5     Str 16      XL: 6   Next: 60%
MP   5/5         EV 15     Int  6      God:
Gold 167         SH 12     Dex 16      Spells:  0 memorised,  5 levels left

Res.Fire  : . . .   See Invis. : .   p - +2,+0 elf short sword
Res.Cold  : . . .   Warding    : .   j - +0 orc leather armour
Life Prot.: . . .   Conserve   : .   c - +0 buckler
Res.Poison: .       Res.Corr.  : .   (no helmet)
Res.Elec. : .       Clarity    : +   (no cloak)
Sust.Abil.: . .     Spirit.Shd : .   (no gloves)
Res.Mut.  : .       Stasis     : .   k - +0 pair of boots
Res.Rott. : .       Flight     : .   (no amulet)
Saprovore : + + .                    (no ring)
                                     (no ring)

@: slightly resistant to hostile enchantments, stealthy
A: disease resistance, carnivore 3, clarity, -10% hp, saprovore 2, AC +1
a: no special abilities


You were on level 4 of the Dungeon.
You were very full.

You visited 1 branch of the dungeon, and saw 4 of its levels.

You collected 147 gold pieces.

Inventory:

Hand weapons
 a - a +1,+0 short sword
 p - a +2,+0 elven short sword (weapon)
Armour
 c - a +0 buckler (worn)
 j - a +0 orcish leather armour (worn)
 k - a +0 pair of boots (worn)
Comestibles
 d - 2 meat rations
Scrolls
 b - a scroll of teleportation {unknown}
 e - 3 scrolls of remove curse
 f - a scroll of magic mapping
 g - a scroll of identify {unknown}
Potions
 n - a potion of restore abilities
 o - a potion of agility


   Skills:
 * Level 4.2 Fighting
 + Level 3.6 Short Blades
 + Level 2.7 Armour
 * Level 4.4 Dodging
 * Level 3.2 Stealth
 * Level 3.0 Shields


You had 5 spell levels left.
You didn't know any spells.

Dungeon Overview and Level Annotations

Branches:
Dungeon (4/27)
 Temple: D:4-7

Altars:
Fedhas
Kikubaaqudgha
Nemelex Xobeh

Portals:
Ziggurat: D:3 (3660 gp)


Innate Abilities, Weirdness & Mutations

You recuperate from illness quickly.
You are small and have problems with some larger weapons.
You are carnivorous and can eat meat at any time.
You can eat rotten meat.
You are partially covered in icy blue scales (AC +1).
You possess an exceptional clarity of mind.
You are frail (-10% HP).


Message History

You hit the hound.
The hound is almost dead.
The hound bites you.
* * * LOW HITPOINT WARNING * * *
You barely miss the hound.
The hound is almost dead.
The hound barely misses you.
You hit the hound.
The hound is almost dead.
You block the hound's attack. The hound bites you but does no damage.
You completely miss the hound.
The hound is almost dead.
You block the hound's attack.
You closely miss the hound.
The hound is almost dead.
The hound barely misses you.
You barely miss the hound.
The hound is almost dead.
The hound barely misses you. The hound bites you.
You die...

#..<.............#
#................#
#............)...#
#.................
#.................
#.................
#.................
#h..............!.
#@................
##################


You could see a hound.

Vanquished Creatures
  A giant frog skeleton (D:4)
  An orc wizard (D:4)
  2 worker ants (D:4)
  2 giant mites (D:3)
  7 adders
  2 worms
  5 giant geckos
  2 oozes
  An orc (D:4)
  4 ball pythons
  5 bats
  4 giant cockroaches
  10 hobgoblins
  11 kobolds
  5 quokkas
  4 giant newts (D:1)
  13 goblins
  9 jackals
  10 rats
98 creatures vanquished.

Notes
Turn   | Place    | Note
--------------------------------------------------------------
     0 | D:1      | Leibowitz, the Kobold Fighter, began the quest for the Orb.
     0 | D:1      | Reached XP level 1. HP: 14/14 MP: 0/0
   217 | D:1      | Reached XP level 2. HP: 17/19 MP: 1/1
  1013 | D:1      | Reached skill level 1 in Dodging
  1023 | D:1      | Reached XP level 3. HP: 11/24 MP: 2/2
  1975 | D:2      | Found a blossoming altar of Fedhas.
  1976 | D:2      | Found an ancient bone altar of Kikubaaqudgha.
  1980 | D:2      | Reached skill level 1 in Stealth
  1982 | D:2      | Gained mutation: You are frail (-10% HP). [potion of mutation]
  1982 | D:2      | Gained mutation: You possess an exceptional clarity of mind. [potion of mutation]
  1982 | D:2      | Gained mutation: You are partially covered in icy blue scales (AC +1). [potion of mutation]
  2309 | D:2      | Reached XP level 4. HP: 17/25 MP: 3/3
  2522 | D:2      | Found a blossoming altar of Fedhas.
  3182 | D:3      | Reached XP level 5. HP: 25/29 MP: 4/4
  4117 | D:3      | Found a gateway to a ziggurat.
  4303 | D:3      | Reached skill level 4 in Fighting
  4439 | D:4      | Reached XP level 6. HP: 12/35 MP: 5/5
  4701 | D:4      | Paralysed by a potion of paralysis for 5 turns
  5030 | D:4      | Found a sparkling altar of Nemelex Xobeh.
  5478 | D:4      | Slain by a hound

Action                   |  1- 3 |  4- 6 || total
-------------------------+-------+-------++-------
Melee: Short sword       |   196 |   433 ||   629
Throw: Dart              |       |     3 ||     3
  Use: Potion            |     4 |    10 ||    14
       Scroll            |       |     5 ||     5
 Stab: Sleeping          |     2 |     3 ||     5
